 Dungeon Crawl Stone Soup version 0.30-a0-305-g026cb31310 (webtiles) character file.

Game seed: 8069073727882114278

21 ytrimaz the Ruffian (level 2, -2/27 HPs)
             Began as a Troll Transmuter on Oct 21, 2022.
             Frozen to death by an endoplasm (5 damage)
             ... on level 2 of the Dungeon.
             The game lasted 00:00:42 (775 turns).

ytrimaz the Ruffian (Troll Transmuter)               Turns: 775, Time: 00:00:43

Health: -2/27      AC:  4    Str: 17    XL:     2   Next: 62%
Magic:  2/2        EV: 10    Int:  9    God:
Gold:   22         SH:  0    Dex: 16    Spells: 2/3 levels left

rFire   . . .      SeeInvis .      - Unarmed
rCold   . . .      Faith    .    (no shield)
rNeg    . . .      Spirit   .    a - +0 robe
rPois   .          Reflect  .    (helmet restricted)
rElec   .          Harm     .    (no cloak)
rCorr   .          Rampage  .    (gloves unavailable)
Will    .....                    (boots unavailable)
Stlth   +.........               (no amulet)
HPRegen 1.04/turn                d - +6 ring of dexterity
MPRegen 0.08/turn                (no ring)

@: no status effects
A: large, unfitting armour, claws 3, regeneration 1, shaggy fur 1, tough skin 1
a: no special abilities


You were on level 2 of the Dungeon.
You visited 1 branch of the dungeon, and saw 2 of its levels.

You collected 22 gold pieces.


Innate Abilities, Weirdness & Mutations

You are too large for most types of armour.
You have claws for hands.
Your natural rate of healing is unusually fast.
You are covered in fur. (AC +1)
You have tough skin. (AC +1)


   Skills:
 + Level 1.5 Fighting
 - Level 1.5 Dodging
 + Level 3.5 Unarmed Combat
 - Level 1.2 Spellcasting
 - Level 1.3 Transmutations


You had 2 spell levels left.
You knew the following spells:

 Your Spells              Type           Power      Damage    Failure   Level
a - Beastly Appendage     Tmut           6%         N/A       21%         1

Your spell library contained the following spells:

 Spells                   Type           Power      Damage    Failure   Level
 Wereblood                Tmut           3%         N/A       30%         2
 Spider Form              Tmut/Pois      1%         N/A       63%         3
 Ice Form                 Ice/Tmut       1%         N/A       95%         4

Inventory:

Armour
 a - a +0 robe (worn)
Jewellery
 d - a +6 ring of dexterity (left claw)
   (You found it on level 1 of the Dungeon)
Potions
 b - a potion of lignification
 c - a potion of degeneration {unknown}
 e - a potion of curing {unknown}
 f - a potion of berserk rage {unknown}
 g - a potion of heal wounds {unknown}

Dungeon Overview and Level Annotations

Branches:
Dungeon (2/15) Zot: 11227

Altars:

Annotations:
D:2 Sigmund

........ .
#.#..#.#.#
#.#..#.#.#
#.#...... .
#.#....#.. ...
#.#.....
#...#SJ..##
#.$.@@..<#
#.###J#.#......#
#.#.######.#
..... #$.....
##.>#### #..#
#..#


You could see Sigmund, 2 endoplasms and a ball python.


Message History

You miss the goblin. The goblin completely misses you.
You closely miss the goblin. The goblin hits you but does no damage.
A goblin is nearby!
Unknown command.
You claw the goblin!
You kill the goblin!
No target in view!
You open the door.
There is an open door here.
A goblin comes into view. It is wielding a +0 club.
Unknown command.
The goblin shouts!
A goblin is nearby!
A goblin is nearby!
A goblin is nearby!
You closely miss the goblin.
The goblin hits you with a +0 club. 😕 HP[-2]
You take 2 damage, and now have 25/27 hp.
Unknown command.
You closely miss the goblin. 😕 HP[+1]
You miss the goblin.
The goblin hits you with a +0 club. 😕 HP[-2]
You take 2 damage, and now have 24/27 hp.
You closely miss the goblin. The goblin barely misses you. 😕 HP[+1]
You claw the goblin!
You kill the goblin! 😕 HP[+1]
Things that are here:
a +0 club; a goblin corpse; 😎 HP[+1]
Your hp is fully restored (27).
No target in view!
Unknown command.
Things that are here:
a +0 club; a goblin corpse Key pressed, stopping explore.
No target in view!
Things that are here:
a +0 club; a goblin corpse Key pressed, stopping explore.
Done exploring.
Done exploring.
Done exploring.
No target in view!
Done exploring.
There is a stone staircase leading down here.
You climb downwards.
Found 12 gold pieces.
Found a stone staircase leading down.
There is a stone staircase leading up here.
Unknown command.
Sigmund shouts!
The endoplasm quivers.
Sigmund flickers, as though insubstantial.
Sigmund points at you and mumbles some strange words.
The puff of flame misses you.
The endoplasm quivers.
A ball python comes into view.
Sigmund hits you with a +0 scythe. 😕 HP[-4]
You take 4 damage, and now have 23/27 hp.
You scratch Sigmund but do no damage.
You claw Sigmund, but do no damage. 😕 HP[+1]
You barely miss Sigmund. The endoplasm hits you.
Sigmund gestures at you while chanting. The magic dart hits you. 😕 HP[-3]
You take 3 damage, and now have 21/27 hp.
Unknown command.
You scratch Sigmund. The endoplasm freezes you.
You are frozen.
The endoplasm barely misses you. Sigmund casts a spell at you.
You resist with significant effort. 😮 HP[-2]
You take 2 damage, and now have 19/27 hp.
You claw Sigmund! The endoplasm freezes you.
You are frozen.
The endoplasm barely misses you.
Sigmund points at you and mumbles some strange words.
The magic dart hits you!
* * * LOW HITPOINT WARNING * * *
😨 HP[-8]
You take 8 damage, and now have 11/27 hp.
MASSIVE DAMAGE!! (PAUSE)
You claw Sigmund! The endoplasm hits you.
* * * LOW HITPOINT WARNING * * *
The endoplasm freezes you.
You are frozen.
* * * LOW HITPOINT WARNING * * *
The ball python closely misses you. Sigmund barely misses you. 😱 HP[-5]
You take 5 damage, and now have 6/27 hp.
You closely miss Sigmund. The endoplasm freezes you.
You are frozen.
* * * LOW HITPOINT WARNING * * *
The endoplasm freezes you.
You are frozen.
You die...

Skill      XL: |  1 |
---------------+----+-----
Fighting       | 1 |  1.5
Dodging        | |  1.5
Unarmed Combat | |  3.5
Spellcasting   | |  1.2
Transmutations | |  1.3

Action                   || total
-------------------------++-------
Melee: Unarmed           ||    52
       Punch             ||     2
  Use: Scroll            ||     1
 Stab: Sleeping          ||     2
Armor: Robe              ||    11
Dodge: Dodged            ||    30

Levels and vault maps discovered:
D:1:      mrwooster_arrival_statue, layout_basic,
          hangedman_decor_clover_reticule, minmay_shallow_snake_nest
D:2:      layout_basic, minmay_fractal_squares_5, uniq_sigmund, uniq_jessica

Notes
Turn   | Place    | Note
-------+----------+-------------------------------------------
     0 | D:1      | ytrimaz the Troll Transmuter began the quest for the Orb.
     0 | D:1      | Reached XP level 1. HP: 18/18 MP: 1/1
     0 | D:1      | magus.rc [v1.9.6]
    91 | D:1      | Reached skill level 1 in Fighting
   297 | D:1      | Reached XP level 2. HP: 27/27 MP: 2/2
   766 | D:2      | Noticed Sigmund
   774 | D:2      | HP: 6/27 [frozen (5)]
   775 | D:2      | Frozen to death by an endoplasm

Vanquished Creatures
  A dart slug (D:1)
  An endoplasm (D:1)
  2 hobgoblins (D:1)
  A ball python (D:1)
  3 bats (D:1)
  2 frilled lizards (D:1)
  4 goblins (D:1)
  3 kobolds (D:1)
  A rat (D:1)
18 creatures vanquished.

Table legend:
 A = Non-vault XP
 B = Vault XP
 C = Vault XP percentage of total XP
 D = Non-vault monster count
 E = Vault monster count
 F = Vault count percentage of total count
                 A         B        C        D         E       F
            +---------+---------+-------+---------+---------+-------
      Total |      29 |       1 |   3.3 |      17 |       1 |   5.6
            +---------+---------+-------+---------+---------+-------
        D:1 |      29 |       1 |   3.3 |      17 |       1 |   5.6
            +---------+---------+-------+---------+---------+-------

Illustrated notes

Table legend:
 A = Kills in this place as a percentage of kills in entire the game.
 B = Kills by you in this place as a percentage of kills by you in the entire game.
 C = Kills by friends in this place as a percentage of kills by friends in the entire game.
 D = Other kills in this place as a percentage of other kills in the entire game.
 E = Experience gained in this place as a percentage of experience gained in the entire game.
 F = Experience gained in this place divided by the number of levels of this place that you have seen.
                   A       B       C       D       E      F
               +-------+-------+-------+-------+-------+----------------------
         Total | 100.0 | 100.0 |   N/A |   N/A | 100.0 |  15.0
       Dungeon | 100.0 | 100.0 |   N/A |   N/A | 100.0 |  15.0
               +-------+-------+-------+-------+-------+----------------------

Table legend: (Time is in decaauts)
 A = Elapsed time spent in this place.
 B = Non-inter-level travel time spent in this place.
 C = Inter-level travel time spent in this place.
 D = Time resting spent in this place.
 E = Time spent auto-exploring this place.
 F = Levels seen in this place.
 G = Mean time per level.
                   A        B        C        D        E       F      G
               +--------+--------+--------+--------+--------+-----+--------+
         Total |    771 |    766 |      5 |      0 |    635 |   2 |  385.5 |
       Dungeon |    771 |    766 |      5 |      0 |    635 |   2 |  385.5 |
               +--------+--------+--------+--------+--------+-----+--------+

Top non-repeatable levels by time:
     D:1: 762 daAuts
     D:2: 8 daAuts
